 Dungeon Crawl Stone Soup version 0.17.1-3-g152610e (webtiles) character file.

321 pipel the Skirmisher (level 6, -6/49 HPs)
             Began as a Mummy Chaos Knight on Mar 21, 2016.
             Mangled by an iguana (13 damage)
             ... on level 4 of the Dungeon.
             The game lasted 00:07:41 (3233 turns).

pipel the Skirmisher (Mummy Chaos Knight)           Turns: 3233, Time: 00:07:41

Health: -6/49      AC: 10    Str: 17    XL:     6   Next: 22%
Magic:  6/6        EV:  7    Int: 11    God:    Xom [..*...]
Gold:   178        SH:  0    Dex: 12    Spells: 0 memorised, 5 levels left

rFire  x . .     SeeInvis .     a - +2 quarterstaff (chaos)
rCold  + . .     Clarity  .     k - +3 leather armour
rNeg   + + +     SustAt   .     (shield currently unavailable)
rPois  ∞         Gourm    .     i - +0 helmet
rElec  .         Spirit   .     o - +1 cloak
rCorr  .         Warding  .     (no gloves)
rMut   .         Stasis   .     e - +0 pair of boots
MR     .....                    (no amulet)
Stlth  +.........               (no ring)
                                (no ring)

@: not resistant to hostile enchantments, very unstealthy
A: no food or potions, fire vulnerability, cold resistance 1, negative energy
resistance 3, torment resistance, unbreathing
a: Renounce Religion


You were on level 4 of the Dungeon.
You worshipped Xom.
You were a toy of Xom.
You were not hungry.

You visited 1 branch of the dungeon, and saw 4 of its levels.

You collected 178 gold pieces.

Inventory:

Hand Weapons
 a - a +2 quarterstaff of chaos (weapon)
 n - a +0 mace of chaos
Missiles
 c - 70 stones
 f - 4 tomahawks (quivered)
 j - 8 sling bullets of flame
 l - 76 bolts
 q - 17 arrows
Armour
 b - a +2 leather armour
 e - a +0 pair of boots (worn)
 h - a +0 chain mail
 i - a +0 helmet (worn)
 k - a +3 leather armour (worn)
 o - a +1 cloak (worn)
Wands
 d - a wand of confusion (0)
Scrolls
 g - a scroll of enchant armour
 m - 2 scrolls of identify
 p - a scroll of amnesia


   Skills:
 + Level 4.5 Fighting
 - Level 2.8(3.2) Maces & Flails
 * Level 2.1(2.8) Staves
 + Level 2.7 Armour
 + Level 2.4 Dodging


You had 5 spell levels left.
You didn't know any spells.

Dungeon Overview and Level Annotations

Branches:
Dungeon (4/15)
 Temple: D:4-7

Altars:


Innate Abilities, Weirdness & Mutations

You do not eat or drink.
Your flesh is vulnerable to fire.
You are immune to poison.
Your flesh is cold resistant.
You are immune to negative energy.
You are immune to unholy pain and torment.
You can survive without breathing.


Message History

You closely miss the gnoll.
The gnoll is almost dead.
Xom grants you insight.
You feel aware of your surroundings. The gnoll hits you but does no damage.
The quokka barely misses you. The gnoll shaman misses you.
The gnoll barely misses you. The quokka barely misses you.
The gnoll hits you with a spear. The quokka bites you.
The gnoll hits you from afar with a spear.
The gnoll shaman calls upon its god to speed up the gnoll.
The gnoll seems to speed up.
The gnoll hits you from afar with a spear!
* * * LOW HITPOINT WARNING * * *
The quokka bites you but does no damage.
The gnoll barely misses you. The quokka closely misses you.
There is a stone staircase leading up here.
The gnoll hits you but does no damage. The quokka bites you.
* * * LOW HITPOINT WARNING * * *
The iguana bites you!
You die...
Xom chuckles heartily!

, ,, , ,, , ,
................. , ,,,, ,
..................,,, , ,
#.................. ,,,
....................,, ,
,....................,,
#......................
#...................... *
#.....@rgg.............
##.....l...............
#.....g...............
##....................
#....................
*#.....................
***#......................
, .......................
*
**####...#...............


You could see a gnoll shaman, an iguana, 2 gnolls and a quokka.

Vanquished Creatures
  Sigmund (D:2)
  Ijyb (D:2)
  Terence (D:3)
  A worker ant (D:4)
  A hound skeleton (D:3)
  6 adders
  3 gnolls
  An ooze (D:4)
  An adder skeleton (D:4)
  A worm (D:2)
  A ball python (D:2)
  5 hobgoblins
  3 kobolds
  2 quokkas (D:2)
  6 bats
  5 giant cockroaches
  2 giant newts
  5 goblins
  30 rats
76 creatures vanquished.

Vanquished Creatures (collateral kills)
  Crazy Yiuf (D:2)
1 creature vanquished.

Grand Total: 77 creatures vanquished

Notes
Turn   | Place    | Note
--------------------------------------------------------------
     0 | D:1      | pipel the Mummy Chaos Knight began the quest for the Orb.
     0 | D:1      | Reached XP level 1. HP: 18/18 MP: 1/1
    22 | D:1      | XOM: silly message
   222 | D:1      | XOM: harmless Divn miscast
   239 | D:1      | Reached XP level 2. HP: 22/24 MP: 2/2
   397 | D:1      | XOM: divination: detect items
   415 | D:1      | XOM: divination: detect items
   524 | D:1      | XOM is BORED!
   524 | D:1      | XOM: noise
   649 | D:2      | Noticed Sigmund
   649 | D:2      | XOM: enchant monster (good)
  1003 | D:1      | XOM: harmless Divn miscast
  1025 | D:1      | XOM: colour smoke trail
  1073 | D:2      | Noticed Ijyb
  1075 | D:2      | XOM: swap monsters
  1119 | D:2      | Killed Ijyb
  1119 | D:2      | Reached skill level 1 in Dodging
  1119 | D:2      | Reached XP level 3. HP: 21/30 MP: 3/3
  1157 | D:2      | Noticed Crazy Yiuf
  1165 | D:2      | Killed Crazy Yiuf
  1165 | D:2      | Reached skill level 4 in Fighting
  1226 | D:2      | Killed Sigmund
  1226 | D:2      | Reached skill level 1 in Staves
  1226 | D:2      | Reached XP level 4. HP: 36/38 MP: 4/4
  1226 | D:2      | Reached XP level 5. HP: 40/43 MP: 5/5
  1862 | D:2      | XOM: god gift: 24 gold pieces
  1940 | D:3      | XOM: stealth player
  2182 | D:3      | Noticed Terence
  2193 | D:3      | Killed Terence
  2215 | D:3      | XOM: colour smoke trail
  2439 | D:3      | XOM: medium Trmt miscast
  3136 | D:2      | XOM: mild Fire miscast
  3150 | D:3      | XOM: mild Divn miscast
  3157 | D:4      | Reached XP level 6. HP: 42/49 MP: 6/6
  3160 | D:3      | XOM: potion effect (curing)
  3172 | D:3      | XOM: silly message
  3227 | D:4      | XOM: divination: magic mapping
  3233 | D:4      | Mangled by an iguana

Action                   |  1- 3 |  4- 6 || total
-------------------------+-------+-------++-------
Melee: Mace              |    64 |       ||    64
       Quarterstaff      |     1 |   156 ||   157
Throw: Tomahawk          |       |     5 ||     5
  Use: Scroll            |       |     7 ||     7
